 Dungeon Crawl Stone Soup version 0.20-a0-443-g0464b71 (webtiles) character file.

137 varedna the Stinger (level 5, -3/42 HPs)
             Began as a Naga Venom Mage on Jan 7, 2017.
             Slain by a gnoll
             ... wielding a +0 flail
              (5 damage)
             ... on level 2 of the Dungeon.
             The game lasted 00:09:50 (2339 turns).

varedna the Stinger (Naga Venom Mage)               Turns: 2339, Time: 00:09:50

Health: -3/42      AC:  2    Str: 13    XL:     5   Next: 20%
Magic:  1/9        EV: 10    Int: 16    God:
Gold:   93         SH:  5    Dex: 11    Spells: 7/10 levels left

rFire  . . .     SeeInvis +     k - +0 spear
rCold  . . .     Gourm    .     a - +0 robe
rNeg   . . .     Faith    .     (no shield)
rPois  +         Spirit   .     (no helmet)
rElec  .         Reflect  +     (no cloak)
rCorr  .         Harm     .     (no gloves)
MR     .....                    (no barding)
Stlth  ++........               g - +5 amulet of reflection (curse)
                                (no ring)
                                o - +2 ring of strength

@: very slightly contaminated, very slow
A: see invisible, deformed body, poison resistance, slowness 2, slow metabolism
1, spit poison 1, AC +1
a: Spit Poison


You were on level 2 of the Dungeon.
You were not hungry.

You visited 1 branch of the dungeon, and saw 2 of its levels.

You collected 93 gold pieces.

Inventory:

Hand Weapons
 k - a +0 spear (weapon)
Missiles
 e - 24 poisoned needles
 n - 2 curare-tipped needles
Armour
 a - a +0 robe (worn)
 f - a +0 plate armour
Jewellery
 g - a cursed +5 amulet of reflection (around neck)
 o - a +2 ring of strength (left hand)
Scrolls
 d - a scroll of amnesia {unknown}
 l - 2 scrolls of random uselessness {unknown}
 m - 2 scrolls of identify {unknown}
 r - a scroll of remove curse {unknown}
Potions
 i - a potion of lignification {unknown}
 p - a potion of degeneration {unknown}
 s - a potion of cancellation {unknown}
Books
 b - a Young Poisoner's Handbook

   Spells                             Type                      Level
   a - Sting                          Conjuration/Poison           1
   b - Noxious Vapours                Poison/Air                   2
   c - Mephitic Cloud                 Conjuration/Poison/Air       3
   d - Olgreb's Toxic Radiance        Poison                       4
   e - Venom Bolt                     Conjuration/Poison           5
Comestibles
 c - 2 bread rations
 h - a slice of pizza
 j - 4 chunks of flesh
 q - a royal jelly


   Skills:
 + Level 1.2 Polearms
 + Level 2.1 Dodging
 + Level 4.2 Stealth
 * Level 3.2 Spellcasting
 + Level 1.9 Conjurations
 + Level 4.5 Poison Magic


You had 7 spell levels left.
You knew the following spells:

 Your Spells              Type           Power        Failure   Level  Hunger
a - Sting                 Conj/Pois      ##..         6%          1    None
b - Noxious Vapours       Pois/Air       #.....       12%         2    ##.....


Dungeon Overview and Level Annotations

Branches:
Dungeon (2/15)

Altars:
Elyvilon
Fedhas


Innate Abilities, Weirdness & Mutations

You cannot wear boots.
Your serpentine skin is tough. (AC +1)
You have supernaturally acute eyesight. (SInv)
Armour fits poorly on your strangely shaped body.
Your system is resistant to poisons. (rPois)
You cover ground very slowly.
You have a slow metabolism.
You can spit poison.


Message History

Press: ? - help, Shift-Dir - straight line, f - gnoll
Aim: a gnoll (severely wounded)
The sting hits the frilled lizard.
The frilled lizard is poisoned.
You kill the frilled lizard!
You hit the gnoll.
The gnoll is heavily wounded.
The gnoll hits you with a flail!
You hit the gnoll.
The gnoll is severely wounded.
The gnoll completely misses you.
You barely miss the gnoll.
The gnoll is severely wounded.
The gnoll hits you with a flail!
* * * LOW HITPOINT WARNING * * *
You barely miss the gnoll.
The gnoll is severely wounded.
The gnoll hits you with a flail!
* * * LOW HITPOINT WARNING * * *
The gnoll hits you with a flail.
You die...

###########
#.g@.......
#####
#g#########
##...## #.#
##.....# #†#
#....... #)#
#..._... #.#
#....... #.#
######.....#
#.#
..#.##...##
#.#
#.#.###.##.


You could see 2 gnolls.

Vanquished Creatures
  Ijyb (D:2)
  2 gnolls (D:2)
  5 adders (D:2)
  A worm (D:2)
  3 dart slugs
  A leopard gecko (D:1)
  2 ball pythons (D:1)
  3 giant cockroaches
  A goblin (D:2)
  3 hobgoblins
  2 jackals (D:2)
  A quokka (D:2)
  5 bats
  3 frilled lizards
  7 kobolds
  5 rats
45 creatures vanquished.

Notes
Turn   | Place    | Note
-------+----------+-------------------------------------------
     0 | D:1      | varedna the Naga Venom Mage began the quest for the Orb.
     0 | D:1      | Reached XP level 1. HP: 15/15 MP: 3/3
   320 | D:1      | Reached XP level 2. HP: 17/22 MP: 3/5
   997 | D:2      | Found a blossoming altar of Fedhas.
  1022 | D:2      | Reached XP level 3. HP: 28/28 MP: 4/6
  1051 | D:2      | Learned a level 2 spell: Noxious Vapours
  1616 | D:2      | Reached XP level 4. HP: 21/36 MP: 3/8
  2208 | D:2      | Found a white marble altar of Elyvilon.
  2249 | D:2      | Reached skill level 1 in Polearms
  2282 | D:2      | Noticed Ijyb
  2326 | D:2      | Killed Ijyb
  2326 | D:2      | Reached XP level 5. HP: 33/42 MP: 0/9
  2336 | D:2      | HP: 1/42 [gnoll/flail (10)]
  2339 | D:2      | Slain by a gnoll

Vault maps used:
D:1:      lemuel_arrival_room, hex_tiny
D:2:      minmay_door_path, lemuel_round_altar, first_bread, fedhas_altar_3,
          uniq_iyjb

Skill      XL: |  1  2  3  4 |
---------------+-------------+-----
Dodging        | 2 |  2.1
Spellcasting   | 3 |  3.2
Polearms       | 1 |  1.2
Stealth        | 4 |  4.2
Conjurations   | |  1.9
Poison Magic   | |  4.5

Action                   |  1- 3 |  4- 6 || total
-------------------------+-------+-------++-------
Melee: Unarmed           |     4 |       ||     4
       Spear             |    36 |    39 ||    75
 Cast: Sting             |    43 |    21 ||    64
       Noxious Vapours   |     1 |     9 ||    10
 Stab: Sleeping          |     2 |     2 ||     4
  Eat: Chunk             |     2 |     2 ||     4
Armor: Robe              |     7 |    10 ||    17
Dodge: Dodged            |    28 |    25 ||    53
Block: Other             |    11 |     7 ||    18
